 Dungeon Crawl Stone Soup version 0.20.0-1-g1cb1d84 (webtiles) character file.

1691 skittles the Arsonist (level 8, -4/57 HPs)
             Began as a Yellow Draconian Fire Elementalist on May 26, 2017.
             Slain by an ice beast (11 damage)
             ... summoned by a deep elf mage
             ... on level 6 of the Dungeon.
             The game lasted 00:17:56 (8038 turns).

skittles the Arsonist (DrFE)                        Turns: 8038, Time: 00:17:57

Health: -4/57      AC:  7    Str: 14    XL:     8   Next: 72%
Magic:  2/11       EV: 12    Int: 17    God:
Gold:   403        SH:  0    Dex: 11    Spells: 3/11 levels left

rFire    . . .     SeeInvis +   E - +5 battleaxe (curse)
rCold    . . .     Gourm    .   (shield currently unavailable)
rNeg     . . .     Faith    .   (armour unavailable)
rPois    .         Spirit   .   (helmet restricted)
rElec    .         Reflect  .   B - +0 cloak
rCorr    +         Harm     .   (no gloves)
MR       .....                  (no boots)
Stlth    ++........             (no amulet)
Regen    0.2/turn               f - ring of see invisible
MPRegen  0.2/turn               (no ring)

@: slowed, very slow
A: spit acid, acid resistance, unfitting armour, sense surroundings 1, strong 1,
cold-blooded, MP-powered wands, AC +6
a: Breathe Acid


You were on level 6 of the Dungeon.
You were very hungry.

You visited 1 branch of the dungeon, and saw 6 of its levels.

You collected 403 gold pieces.

Inventory:

Hand Weapons
 h - a +0 hand axe
 s - a +2 dagger of venom
 u - a +0 spear of venom
 E - a cursed +5 battleaxe (weapon)
 F - a +3 mace
Armour
 q - a +0 large shield
 B - a +0 cloak (worn)
Jewellery
 f - a ring of see invisible (left hand)
Wands
 n - a wand of flame (37/48)
 r - a wand of enslavement (10/24)
 y - a wand of flame (24/48)
Scrolls
 c - 4 scrolls of teleportation
 d - a scroll of remove curse
 e - a scroll of magic mapping {unknown}
 i - 2 scrolls of enchant armour {unknown}
 l - a scroll of amnesia {unknown}
 m - 4 scrolls of enchant weapon {unknown}
 x - 2 scrolls of recharging {unknown}
 z - 2 scrolls of fog {unknown}
 A - a scroll of blinking {unknown}
 D - a scroll of immolation {unknown}
 G - a scroll of identify
Potions
 j - 2 potions of curing
 o - a potion of magic
 t - 2 potions of agility
 v - a potion of flight
 w - a potion of lignification {unknown}
 C - 2 potions of haste {unknown}
Books
 a - a book of Flames

   Spells                             Type                      Level
   a - Flame Tongue                   Conjuration/Fire             1
   b - Throw Flame                    Conjuration/Fire             2
   c - Conjure Flame                  Conjuration/Fire             3
   d - Inner Flame                    Hexes/Fire                   3
   e - Sticky Flame                   Conjuration/Fire             4
   f - Fireball                       Conjuration/Fire             5
Comestibles
 b - 8 bread rations
 g - 3 royal jellies
 p - 3 meat rations


   Skills:
 - Level 1.7 Dodging
 - Level 1.7 Stealth
 - Level 2.0 Spellcasting
 + Level 7.9 Conjurations
 + Level 8.5 Fire Magic


You had 3 spell levels left.
You knew the following spells:

 Your Spells              Type           Power        Failure   Level  Hunger
a - Flame Tongue          Conj/Fire      ####.        1%          1    #......
b - Conjure Flame         Conj/Fire      ####....     1%          3    ###....
c - Sticky Flame          Conj/Fire      ####....     6%          4    #####..


Dungeon Overview and Level Annotations

Branches:
Dungeon (6/15)
 Temple: D:4-7

Altars:
Fedhas
Hepliaklqana
Nemelex Xobeh
Qazlal
Trog
Uskayaw
Xom
Yredelemnul
The Shining One

Shops:
D:5 =

Annotations:
D:6 2 transporters


Innate Abilities, Weirdness & Mutations

You can spit globs of acid.
You are resistant to acid.
Your golden yellow scales are hard. (AC +6)
You cannot fit into any form of body armour.
You are cold-blooded and may be slowed by cold attacks.
You passively map a small area around you.
Your muscles are strong. (Str +2)
You expend magic power (3 MP) to strengthen your wands.


Message History

The deep elf mage is moderately wounded.
The deep elf mage hits you with a long sword.
You hit the deep elf mage.
The deep elf mage is heavily wounded.
The deep elf mage casts a spell.
The deep elf mage blinks!
You start resting.
An ice beast comes into view.
You closely miss the ice beast. The ice beast closely misses you.
You hit the ice beast.
Your tail-slap misses the ice beast.
The ice beast is moderately wounded.
The ice beast closely misses you. The ice beast hits you.
The ice beast freezes you!
* * * LOW HITPOINT WARNING * * *
You completely miss the ice beast.
The ice beast is moderately wounded.
The ice beast hits you.
* * * LOW HITPOINT WARNING * * *
The ice beast freezes you!
You feel yourself slow down.
You die...

############# ###
###..##.##.##.## ###
..####...###.###@#..# ##.##
..#.##..##.#..###Y### #...##
...###..###....#.## #.##.##
................## #.###.####
..............Y## #.# #...##
............ce## ##.# ##....
....#.........# ##..# ##....
..####........### ##...###..###
.####...........#####.....##..#


You could see an ice beast.

Vanquished Creatures
  2 black bears
  An orc warrior (D:6)
  An ice beast (D:6)
  A centaur (D:5)
  An ogre (D:5)
  3 wights (D:6)
  3 electric eels (D:4)
  3 crimson imps
  2 hounds
  2 jellies (D:5)
  An orc priest (D:3)
  A bullfrog skeleton (D:6)
  7 orc wizards
  An iguana (D:4)
  Ijyb (D:3)
  7 worker ants
  A hound skeleton (D:5)
  2 worker ant zombies (D:5)
  A howler monkey skeleton (D:4)
  9 adders
  A shadow imp (D:6)
  An adder skeleton (D:6)
  2 worms
  A leopard gecko (D:6)
  11 orcs
  4 bats
  7 giant cockroaches
  7 hobgoblins
  12 jackals
  4 kobolds
  2 quokkas (D:2)
  A ball python (D:3)
  3 frilled lizards
  15 goblins
  A leopard gecko zombie (D:5)
  A quokka skeleton (D:5)
  4 rats
127 creatures vanquished.

Vanquished Creatures (others)
  An orc wizard (D:5)
  An adder (D:5)
  A leopard gecko (D:5)
  An orc (D:5)
  A ball python (D:5)
  A frilled lizard (D:5)
6 creatures vanquished.

Grand Total: 133 creatures vanquished

Notes
Turn   | Place    | Note
-------+----------+-------------------------------------------
     0 | D:1      | skittles the Draconian Fire Elementalist began the quest for the Orb.
     0 | D:1      | Reached XP level 1. HP: 14/14 MP: 3/3
   310 | D:1      | Reached XP level 2. HP: 20/20 MP: 5/5
   747 | D:2      | Reached XP level 3. HP: 18/26 MP: 4/6
  1231 | D:2      | Reached skill level 4 in Fire Magic
  1634 | D:3      | Found a sparkling altar of Nemelex Xobeh.
  1897 | D:2      | Reached XP level 4. HP: 30/33 MP: 5/7
  2251 | D:3      | Learned a level 3 spell: Conjure Flame
  2530 | D:3      | Reached XP level 5. HP: 17/38 MP: 3/8
  2763 | D:3      | Noticed Ijyb
  2777 | D:3      | Killed Ijyb
  2990 | D:3      | Reached skill level 5 in Fire Magic
  3152 | D:3      | Gained mutation: You expend magic power (3 MP) to strengthen your wands. [potion of mutation]
  3152 | D:3      | Gained mutation: Your muscles are strong. (Str +2) [potion of mutation]
  3152 | D:3      | Gained mutation: You passively map a small area around you. [potion of mutation]
  3235 | D:4      | Noticed a phantom
  3753 | D:4      | Reached XP level 6. HP: 38/45 MP: 6/9
  3969 | D:4      | Found a blossoming altar of Fedhas.
  3971 | D:4      | Found a stormy altar of Qazlal.
  4104 | D:4      | Learned a level 4 spell: Sticky Flame
  4491 | D:5      | Entered Level 5 of the Dungeon
  4600 | D:5      | Reached skill level 5 in Conjurations
  4668 | D:5      | Reached skill level 6 in Fire Magic
  4668 | D:5      | Your scales start taking on a golden yellow colour.
  4668 | D:5      | Reached XP level 7. HP: 24/50 MP: 3/10
  4834 | D:5      | HP: 2/50 [orc wizard/dagger (1)]
  5128 | D:5      | Found a shimmering altar of Xom.
  5197 | D:5      | Found Uqug's Jewellery Shoppe.
  5720 | D:5      | Reached skill level 7 in Fire Magic
  5967 | D:6      | Reached XP level 8. HP: 49/57 MP: 6/11
  6149 | D:6      | Found a hide-covered altar of Uskayaw.
  6150 | D:6      | Found a glowing golden altar of the Shining One.
  6151 | D:6      | Found a bloodstained altar of Trog.
  6151 | D:6      | Noticed a death knight
  6152 | D:6      | Noticed a brown ugly thing
  6152 | D:6      | Found a hazy altar of Hepliaklqana.
  6154 | D:6      | Noticed an unseen horror
  6534 | D:6      | Reached skill level 8 in Fire Magic
  7043 | D:6      | Found a basalt altar of Yredelemnul.
  7344 | D:6      | Noticed a deep elf mage
  8038 | D:6      | Slain by an ice beast

Skill      XL: |  1  2  3  4  5  6  7  8 |
---------------+-------------------------+-----
Conjurations   | 2 3 4 5 6 7 |  7.9
Fire Magic     | 4 5 6 7 8 |  8.5
Dodging        | |  1.7
Stealth        | |  1.7
Spellcasting   | |  2.0

Action                   |  1- 3 |  4- 6 |  7- 9 || total
-------------------------+-------+-------+-------++-------
Melee: Unarmed           |     8 |       |       ||     8
       Hand axe          |    64 |       |       ||    64
       Tailslap          |     7 |    10 |    17 ||    34
       Spear             |     8 |    90 |    88 ||   186
       Dagger            |       |       |    25 ||    25
       Battleaxe         |       |       |    68 ||    68
 Cast: Flame Tongue      |    32 |    73 |    64 ||   169
       Sticky Flame      |       |     1 |     2 ||     3
       Conjure Flame     |       |       |     2 ||     2
  Use: Scroll            |       |     9 |       ||     9
       Potion            |       |     1 |     2 ||     3
 Stab: Sleeping          |     3 |     1 |     1 ||     5
  Eat: Chunk             |     3 |     9 |    10 ||    22
       Fruit             |       |     2 |     2 ||     4
Armor: Skin              |    27 |    30 |    78 ||   135
Dodge: Dodged            |    70 |    66 |   163 ||   299
